TOP OF THE 1ST |
Alameda Airmen batting - Pitching for Belleville Bulls : RHP José Zavala
|
Pitching: RHP José Zavala
|
|
Batting: RHB Mariano Sánchez
|
0-0: Foul Ball, location: 2F 0-1: Ball 1-1: Ball 2-1: Swinging Strike 2-2: Ground out 1-3 (Groundball, 13S)
|
Batting: RHB Vicente Rodríguez
|
0-0: Ball 1-0: Ball 2-0: Foul Ball, location: 2F 2-1: Reached on error, E1 (Groundball, 13S)
|
Batting: RHB Joe Phillips
|
0-0: Called Strike 0-1: Ball 1-1: Ball 2-1: Called Strike 2-2: Ball 3-2: Strikes out swinging Vicente Rodríguez is caught stealing 2nd base Batter strikes out.
|
Top of the 1st over - 0 run(s), 0 hit(s), 1 error(s), 0 left on base; Alameda 0 - Belleville 0 |
BOTTOM OF THE 1ST |
Belleville Bulls batting - Pitching for Alameda Airmen : RHP Reynaldo Maestas
|
Pitching: RHP Reynaldo Maestas
|
|
Batting: RHB Lee Charles
|
0-0: Foul Ball, location: 2F 0-1: Fly out, F8 (Flyball, 78M)
|
Batting: RHB Paddy Hodnett
|
0-0: Ball 1-0: Ground out 6-3 (Groundball, 6D)
|
Batting: RHB Felipe Gonzáles
|
0-0: Swinging Strike 0-1: Ball 1-1: Called Strike 1-2: Ball 2-2: Ball 3-2: Base on Balls
|
Batting: LHB Adriano Amicis
|
0-0: Called Strike 0-1: DOUBLE (Line Drive, 78M) Felipe Gonzáles to third
|
Batting: RHB Alberto Blanco
|
0-0: Ball 1-0: Ground out 4-3 (Groundball, 4M)
|
Bottom of the 1st over - 0 run(s), 1 hit(s), 0 error(s), 2 left on base; Alameda 0 - Belleville 0 |
TOP OF THE 2ND |
Alameda Airmen batting - Pitching for Belleville Bulls : RHP José Zavala
|
Batting: LHB Jorge Vargas
|
0-0: Ball 1-0: Foul Ball, location: 2F 1-1: Foul Ball, location: 2F 1-2: Strikes out looking
|
Batting: RHB Ricardo Téllez
|
0-0: Ball 1-0: Foul Ball, location: 2F 1-1: Foul Ball, location: 2F 1-2: Ground out 6-3 (Groundball, 6M)
|
Batting: RHB Juan García
|
0-0: Ball 1-0: Ball 2-0: Ground out 4-3 (Groundball, 4M)
|
Top of the 2nd over - 0 run(s), 0 hit(s), 0 error(s), 0 left on base; Alameda 0 - Belleville 0 |
BOTTOM OF THE 2ND |
Belleville Bulls batting - Pitching for Alameda Airmen : RHP Reynaldo Maestas
|
Batting: RHB Henry Mann
|
0-0: Ball 1-0: Foul Ball, location: 2F 1-1: Foul Ball, location: 2F 1-2: Foul Ball, location: 2F 1-2: Strikes out swinging
|
Batting: RHB Gabriel López
|
0-0: Called Strike 0-1: Called Strike 0-2: Ball 1-2: Strikes out swinging
|
Batting: RHB Jaime Ramírez
|
0-0: Ball 1-0: Ground out 4-3 (Groundball, 4M)
|
Bottom of the 2nd over - 0 run(s), 0 hit(s), 0 error(s), 0 left on base; Alameda 0 - Belleville 0 |
TOP OF THE 3RD |
Alameda Airmen batting - Pitching for Belleville Bulls : RHP José Zavala
|
Batting: SHB Orlando Villa
|
0-0: Ball 1-0: Ball 2-0: Fly out, F9 (Flyball, 9M)
|
Batting: RHB Francisco Mejía
|
0-0: Foul Ball, location: 2F 0-1: Swinging Strike 0-2: Ground out 1-3 (Groundball, 23)
|
Batting: RHB Lenny Roper
|
0-0: Foul Ball, location: 2F 0-1: Ball 1-1: Ball 2-1: Fly out, F8 (Flyball, 8LM)
|
Top of the 3rd over - 0 run(s), 0 hit(s), 0 error(s), 0 left on base; Alameda 0 - Belleville 0 |
BOTTOM OF THE 3RD |
Belleville Bulls batting - Pitching for Alameda Airmen : RHP Reynaldo Maestas
|
Batting: RHB Howard Fewell
|
0-0: Ball 1-0: Ball 2-0: Ground out 6-3 (Groundball, 6)
|
Batting: RHB Lee Charles
|
0-0: Called Strike 0-1: Swinging Strike 0-2: Strikes out swinging
|
Batting: RHB Paddy Hodnett
|
0-0: Called Strike 0-1: Ball 1-1: Ground out 5-3 (Groundball, 5S)
|
Bottom of the 3rd over - 0 run(s), 0 hit(s), 0 error(s), 0 left on base; Alameda 0 - Belleville 0 |
TOP OF THE 4TH |
Alameda Airmen batting - Pitching for Belleville Bulls : RHP José Zavala
|
Batting: RHB Mariano Sánchez
|
0-0: Swinging Strike 0-1: Ball 1-1: Foul Ball, location: 2F 1-2: Strikes out swinging
|
Batting: RHB Vicente Rodríguez
|
0-0: Ball 1-0: Reached on error, E6 (Groundball, 6M)
|
Batting: RHB Joe Phillips
|
0-0: Called Strike 0-1: Ball 1-1: Ball 2-1: Ball 3-1: Called Strike 3-2: SINGLE (Groundball, 13) (infield hit) Vicente Rodríguez to second
|
Batting: LHB Jorge Vargas
|
0-0: Ball 1-0: Ball 2-0: Called Strike 2-1: Fly out, F9 (Flyball, 89M)
|
Batting: RHB Ricardo Téllez
|
0-0: Called Strike 0-1: Ball 1-1: Foul Ball, location: 2F 1-2: Fly out, F7 (Line Drive, 7LS)
|
Top of the 4th over - 0 run(s), 1 hit(s), 1 error(s), 2 left on base; Alameda 0 - Belleville 0 |
BOTTOM OF THE 4TH |
Belleville Bulls batting - Pitching for Alameda Airmen : RHP Reynaldo Maestas
|
Batting: RHB Felipe Gonzáles
|
0-0: Foul Ball, location: 2F 0-1: Swinging Strike 0-2: Ball 1-2: Ball 2-2: Ground out 6-3 (Groundball, 6)
|
Batting: LHB Adriano Amicis
|
0-0: Ground out 6-3 (Groundball, 6M)
|
Batting: RHB Alberto Blanco
|
0-0: Ball 1-0: Ball 2-0: Foul Ball, location: 2F 2-1: Foul Ball, location: 2F 2-2: Ground out 6-3 (Groundball, 6)
|
Bottom of the 4th over - 0 run(s), 0 hit(s), 0 error(s), 0 left on base; Alameda 0 - Belleville 0 |
TOP OF THE 5TH |
Alameda Airmen batting - Pitching for Belleville Bulls : RHP José Zavala
|
Batting: RHB Juan García
|
0-0: Ground out 1-3 (Groundball, 15S)
|
Batting: SHB Orlando Villa
|
0-0: Ball 1-0: Called Strike 1-1: Foul Ball, location: 2F 1-2: Strikes out swinging
|
Batting: RHB Francisco Mejía
|
0-0: Ball 1-0: Foul Ball, location: 2F 1-1: Foul Ball, location: 2F 1-2: Ball 2-2: Strikes out swinging
|
Top of the 5th over - 0 run(s), 0 hit(s), 0 error(s), 0 left on base; Alameda 0 - Belleville 0 |
BOTTOM OF THE 5TH |
Belleville Bulls batting - Pitching for Alameda Airmen : RHP Reynaldo Maestas
|
Batting: RHB Henry Mann
|
0-0: Ball 1-0: Called Strike 1-1: Swinging Strike 1-2: Ball 2-2: Strikes out swinging
|
Batting: RHB Gabriel López
|
0-0: Foul Ball, location: 2F 0-1: SINGLE (Groundball, 56)
|
Batting: RHB Jaime Ramírez
|
0-0: Called Strike 0-1: Foul Ball, location: 2F 0-2: Grounds into double play, 6-4-3 (Groundball, 6)
|
Bottom of the 5th over - 0 run(s), 1 hit(s), 0 error(s), 0 left on base; Alameda 0 - Belleville 0 |
TOP OF THE 6TH |
Alameda Airmen batting - Pitching for Belleville Bulls : RHP José Zavala
|
Batting: RHB Lenny Roper
|
0-0: Called Strike 0-1: SINGLE (Groundball, 5D)
|
Batting: RHB Mariano Sánchez
|
0-0: Ball 1-0: Sac Bunt - play at second, runner OUT! 2-6
|
Batting: RHB Vicente Rodríguez
|
0-0: Ball 1-0: Called Strike 1-1: Ball 2-1: Called Strike 2-2: Fly out, F9 (Flyball, 9LM)
|
Batting: RHB Joe Phillips
|
0-0: Called Strike 0-1: Ball 1-1: Ball 2-1: Ball 3-1: Foul Ball, location: 2F 3-2: Foul Ball, location: 2F 3-2: Strikes out swinging
|
Top of the 6th over - 0 run(s), 1 hit(s), 0 error(s), 1 left on base; Alameda 0 - Belleville 0 |
BOTTOM OF THE 6TH |
Belleville Bulls batting - Pitching for Alameda Airmen : RHP Reynaldo Maestas
|
Batting: RHB Howard Fewell
|
0-0: Swinging Strike 0-1: Foul Ball, location: 2F 0-2: Strikes out swinging
|
Batting: RHB Lee Charles
|
0-0: Called Strike 0-1: Foul Ball, location: 2F 0-2: Fly out, F8 (Flyball, 8LXD)
|
Batting: RHB Paddy Hodnett
|
0-0: Called Strike 0-1: Fly out, F9 (Flyball, 89S)
|
Bottom of the 6th over - 0 run(s), 0 hit(s), 0 error(s), 0 left on base; Alameda 0 - Belleville 0 |
TOP OF THE 7TH |
Alameda Airmen batting - Pitching for Belleville Bulls : RHP José Zavala
|
Batting: LHB Jorge Vargas
|
0-0: Ball 1-0: Ball 2-0: Called Strike 2-1: SOLO HOME RUN (Flyball, 9D), Distance : 376 ft
|
Batting: RHB Ricardo Téllez
|
0-0: Ball 1-0: Ball 2-0: Swinging Strike 2-1: Fly out, F4 (Popup, 4MD)
|
Batting: RHB Juan García
|
0-0: Ball 1-0: Ball 2-0: Fly out, F8 (Flyball, 8RM)
|
Batting: SHB Orlando Villa
|
0-0: Ball 1-0: Ball 2-0: Foul Ball, location: 2F 2-1: Ball 3-1: Foul Ball, location: 2F 3-2: Base on Balls
|
Pinch Hitting: LHB Fernando Gaona
|
0-0: Ball Orlando Villa steals 2nd base 1-0: Ball 2-0: Foul Ball, location: 2F 2-1: Foul Ball, location: 2F 2-2: Strikes out looking
|
Top of the 7th over - 1 run(s), 1 hit(s), 0 error(s), 1 left on base; Alameda 1 - Belleville 0 |
BOTTOM OF THE 7TH |
Belleville Bulls batting - Pitching for Alameda Airmen : RHP Reynaldo Maestas
|
Now in LF: Gustavo Meza
|
|
Batting: RHB Felipe Gonzáles
|
0-0: Foul Ball, location: 2F 0-1: Swinging Strike 0-2: Strikes out looking
|
Batting: LHB Adriano Amicis
|
0-0: Ball 1-0: Ball 2-0: Foul Ball, location: 2F 2-1: Ground out 4-3 (Groundball, 34)
|
Batting: RHB Alberto Blanco
|
0-0: Called Strike 0-1: Ground out 4-3 (Groundball, 34S)
|
Bottom of the 7th over - 0 run(s), 0 hit(s), 0 error(s), 0 left on base; Alameda 1 - Belleville 0 |
TOP OF THE 8TH |
Alameda Airmen batting - Pitching for Belleville Bulls : RHP José Zavala
|
Batting: RHB Lenny Roper
|
0-0: Swinging Strike 0-1: Foul Ball, location: 2F 0-2: Ball 1-2: Strikes out swinging
|
Batting: RHB Mariano Sánchez
|
0-0: Ball 1-0: Ball 2-0: Ball 3-0: Called Strike 3-1: Base on Balls
|
Pitching: RHP Norberto Flores
|
|
Batting: RHB Vicente Rodríguez
|
0-0: Ball 1-0: Fly out, F9 (Flyball, 9M)
|
Batting: RHB Joe Phillips
|
0-0: Ball Throwing error on steal attempt, E2 Mariano Sánchez to third 1-0: SINGLE (Groundball, 4MD) Mariano Sánchez scores
|
Batting: LHB Jorge Vargas
|
0-0: Called Strike 0-1: Ball 1-1: Ground out 5-3 (Groundball, 5S)
|
Top of the 8th over - 1 run(s), 1 hit(s), 1 error(s), 1 left on base; Alameda 2 - Belleville 0 |
BOTTOM OF THE 8TH |
Belleville Bulls batting - Pitching for Alameda Airmen : RHP Reynaldo Maestas
|
Pitching: RHP Jim Unknown
|
|
Batting: RHB Henry Mann
|
0-0: Ball 1-0: Ball 2-0: Foul Ball, location: 2F 2-1: Fly out, F6 (Line Drive, 6)
|
Batting: RHB Gabriel López
|
0-0: Reached on error, E5 (Groundball, 5L)
|
Batting: RHB Jaime Ramírez
|
0-0: Ball 1-0: Ball 2-0: Ground out 5-3 (Groundball, 56S) Gabriel López to second
|
Batting: RHB Howard Fewell
|
0-0: Ball 1-0: Ball 2-0: Ball 3-0: Called Strike 3-1: Foul Ball, location: 2F 3-2: Base on Balls
|
Pinch Hitting: RHB Jim Unknown
|
0-0: Foul Ball, location: 2F 0-1: Ball 1-1: Foul Ball, location: 2F 1-2: Ball 2-2: Ball 3-2: SINGLE (Line Drive, 7S) Gabriel López to third Howard Fewell to second Gabriel López scores Howard Fewell to third
|
Batting: RHB Paddy Hodnett
|
0-0: SINGLE (Groundball, 15) (infield hit) Howard Fewell scores Jim Unknown to second
|
Batting: RHB Felipe Gonzáles
|
0-0: Ball 1-0: Foul Ball, location: 2F 1-1: Ball 2-1: Foul Ball, location: 2F 2-2: Ball 3-2: Fly out, F8 (Popup, 8LS)
|
Bottom of the 8th over - 2 run(s), 2 hit(s), 1 error(s), 2 left on base; Alameda 2 - Belleville 2 |
TOP OF THE 9TH |
Alameda Airmen batting - Pitching for Belleville Bulls : RHP Norberto Flores
|
Pitching: RHP Rafael Peralta
|
|
Now at 1B: Jim Unknown
|
|
Batting: RHB Ricardo Téllez
|
0-0: Ground out 6-3 (Groundball, 6M)
|
Batting: RHB Juan García
|
0-0: Ball 1-0: Called Strike 1-1: Ball 2-1: Foul Ball, location: 2F 2-2: Ball 3-2: Base on Balls
|
Batting: SHB Orlando Villa
|
0-0: Ball 1-0: SINGLE (Groundball, 3D) Juan García to second Runner from 2nd tries for 3rd, SAFE, no throw or cutoff
|
Pinch Hitting: RHB Timothy Jones
|
0-0: Ball 1-0: Called Strike 1-1: Ball 2-1: Ball 3-1: Base on Balls Orlando Villa to second
|
Pinch Hitting: RHB Jeffrey Jones
|
0-0: Ball 1-0: Called Strike 1-1: Foul Ball, location: 2F 1-2: Strikes out swinging
|
Batting: RHB Mariano Sánchez
|
0-0: Foul Ball, location: 2F 0-1: Foul Ball, location: 2F 0-2: Ball 1-2: Foul Ball, location: 2F 1-2: Ball 2-2: Strikes out looking
|
Top of the 9th over - 0 run(s), 1 hit(s), 0 error(s), 3 left on base; Alameda 2 - Belleville 2 |
BOTTOM OF THE 9TH |
Belleville Bulls batting - Pitching for Alameda Airmen : RHP Jim Unknown
|
Now at 2B: Jeffrey Jones
|
|
Now in LF: Timothy Jones
|
|
Pinch Hitting: LHB Alfredo Farías
|
0-0: Fly out, F9 (Line Drive, 9M)
|
Batting: RHB Alberto Blanco
|
0-0: SINGLE (Groundball, 6M)
|
Batting: RHB Henry Mann
|
0-0: Ball 1-0: DOUBLE (Flyball, 8RM) Alberto Blanco to third
|
Pinch Hitting: RHB Ángel Rosa
|
0-0: Intentional Walk
|
Batting: RHB Jaime Ramírez
|
0-0: Called Strike 0-1: Foul Ball, location: 2F 0-2: Foul Ball, location: 2F 0-2: Strikes out swinging
|
Pinch Hitting: LHB Manuel Sánchez
|
0-0: Called Strike 0-1: Ball 1-1: Ball 2-1: Foul Ball, location: 2F 2-2: Foul Ball, location: 2F 2-2: Foul Ball, location: 2F 2-2: Ball 3-2: Strikes out swinging
|
Bottom of the 9th over - 0 run(s), 2 hit(s), 0 error(s), 3 left on base; Alameda 2 - Belleville 2 |
TOP OF THE 10TH |
Alameda Airmen batting - Pitching for Belleville Bulls : RHP Rafael Peralta
|
Now at C: Alfredo Farías
|
|
Now at 1B: Ángel Rosa
|
|
Now in RF: Manuel Sánchez
|
|
Batting: RHB Vicente Rodríguez
|
0-0: Ball 1-0: Ground out 4-3 (Groundball, 4)
|
Batting: RHB Joe Phillips
|
0-0: Ball 1-0: Swinging Strike 1-1: Ball 2-1: Ball 3-1: Base on Balls
|
Batting: LHB Jorge Vargas
|
0-0: Grounds into double play, U4-3 (Groundball, 4)
|
Top of the 10th over - 0 run(s), 0 hit(s), 0 error(s), 0 left on base; Alameda 2 - Belleville 2 |
BOTTOM OF THE 10TH |
Belleville Bulls batting - Pitching for Alameda Airmen : RHP Jim Unknown
|
Pitching: RHP Gil Brown
|
|
Batting: RHB Jim Unknown
|
0-0: Called Strike 0-1: Ground out 5-3 (Groundball, 5)
|
Batting: RHB Paddy Hodnett
|
0-0: SINGLE (Groundball, 6MD)
|
Batting: RHB Felipe Gonzáles
|
0-0: Ball 1-0: SINGLE (Line Drive, 8LS) Paddy Hodnett to second
|
Batting: LHB Alfredo Farías
|
0-0: Ball 1-0: Ball 2-0: SINGLE (Groundball, 34D) Paddy Hodnett to third Felipe Gonzáles to second
|
Batting: RHB Alberto Blanco
|
0-0: Called Strike 0-1: Ball 1-1: Ball 2-1: Fly out, F4 (Popup, 4D)
|
Batting: RHB Henry Mann
|
0-0: Ball 1-0: Called Strike 1-1: Fly out, F9 (Line Drive, 89S)
|
Bottom of the 10th over - 0 run(s), 3 hit(s), 0 error(s), 3 left on base; Alameda 2 - Belleville 2 |
TOP OF THE 11TH |
Alameda Airmen batting - Pitching for Belleville Bulls : RHP Rafael Peralta
|
Pitching: RHP Leão Barro
|
|
Batting: RHB Ricardo Téllez
|
0-0: Called Strike 0-1: Called Strike 0-2: Foul Ball, location: 2F 0-2: Ball 1-2: Ball 2-2: TRIPLE (Flyball, 78XD)
|
Batting: RHB Juan García
|
0-0: Ball 1-0: Ball 2-0: Ball 3-0: Foul Ball, location: 2F 3-1: Base on Balls
|
Batting: SHB Orlando Villa
|
0-0: Called Strike 0-1: Ball 1-1: Swinging Strike 1-2: Ball 2-2: Foul Ball, location: 2F 2-2: Foul Ball, location: 2F 2-2: Foul Ball, location: 2F 2-2: Strikes out swinging
|
Batting: RHB Timothy Jones
|
0-0: Called Strike 0-1: Ball 1-1: Ball Juan García steals 2nd base 2-1: Intentional Walk
|
Batting: RHB Jeffrey Jones
|
0-0: TRIPLE (Flyball, 78XD) Ricardo Téllez scores Juan García scores Timothy Jones scores
|
Batting: RHB Mariano Sánchez
|
0-0: Intentional Walk
|
Pitching: RHP Neal Davis
|
|
Batting: RHB Vicente Rodríguez
|
0-0: Ball 1-0: Foul Ball, location: 2F 1-1: Called Strike 1-2: Fly out, F9 (Flyball, 9S) Runner from 3rd tags up, SCORES, throw made
|
Batting: RHB Joe Phillips
|
0-0: Ball 1-0: Ball Wild Pitch! Mariano Sánchez to second 2-0: Ball 3-0: Called Strike 3-1: Fly out, F2 (Popup, 2RF)
|
Top of the 11th over - 4 run(s), 2 hit(s), 0 error(s), 1 left on base; Alameda 6 - Belleville 2 |
BOTTOM OF THE 11TH |
Belleville Bulls batting - Pitching for Alameda Airmen : RHP Gil Brown
|
Batting: RHB Ángel Rosa
|
0-0: Swinging Strike 0-1: Ball 1-1: Swinging Strike 1-2: Ball 2-2: Foul Ball, location: 2F 2-2: Strikes out swinging
|
Batting: RHB Jaime Ramírez
|
0-0: Ground out 1-3 (Groundball, 15)
|
Batting: LHB Manuel Sánchez
|
0-0: Called Strike 0-1: Swinging Strike 0-2: Ground out 4-3 (Groundball, 4)
|
Bottom of the 11th over - 0 run(s), 0 hit(s), 0 error(s), 0 left on base; Alameda 6 - Belleville 2 |
|